 Dungeon Crawl Stone Soup version 0.24-a0-365-ga4d96b6e6e (webtiles) character file.

Game seed: 12352559523883090113

259 Ijustatesigmund the Cudgeler (level 6, -1/44 HPs)
             Began as an Octopode Fighter on May 27, 2019.
             Slain by a gnoll
             ... wielding a +0 spear
              (7 damage)
             ... on level 4 of the Dungeon.
             The game lasted 00:05:39 (3493 turns).

Ijustatesigmund the Cudgeler (Octopode Fighter)     Turns: 3493, Time: 00:05:41

Health: -1/44      AC:  1    Str: 15    XL:     6   Next: 17%
Magic:  6/6        EV: 12    Int: 11    God:
Gold:   142        SH: 11    Dex: 13    Spells: 5/5 levels left

rFire    + . .     SeeInvis .   a - +0 morningstar
rCold    . . .     Gourm    .   b - +2 shield
rNeg     . . .     Faith    .   (helmet restricted)
rPois    .         Spirit   .   (no amulet)
rElec    .         Reflect  .   e - ring of protection from fire
rCorr    .         Harm     .   j - ring of stealth
MR       .....                  (no ring)
Stlth    +++.......             (no ring)
HPRegen  0.14/turn              (no ring)
MPRegen  0.10/turn              (no ring)
                                (no ring)
                                (no ring)

@: no status effects
A: almost no armour, stealthy swim, amphibious, 8 rings, constrict 8, camouflage
1, gelatinous body 1
a: no special abilities


You were on level 4 of the Dungeon.
You were very hungry.

You visited 1 branch of the dungeon, and saw 4 of its levels.

You collected 142 gold pieces.

Inventory:

Hand Weapons
 a - a +0 morningstar (weapon)
Armour
 b - a +2 shield (worn)
Jewellery
 e - a ring of protection from fire (left tentacle)
 j - a ring of stealth (right tentacle)
Scrolls
 l - a scroll of remove curse
Potions
 c - a potion of might
 f - a potion of curing
 g - a potion of cancellation
 h - a potion of resistance
 i - a potion of agility
 k - 3 potions of lignification {unknown}
 m - a potion of invisibility {unknown}
 n - a potion of magic {unknown}
 o - a potion of brilliance {unknown}
Comestibles
 d - 8 rations


   Skills:
 + Level 4.4 Fighting
 + Level 4.9 Maces & Flails
 + Level 3.3 Dodging
 + Level 3.3 Shields


You had 5 spell levels left.
You didn't know any spells.
Your spell library contained the following spells:

 Spells                   Type           Power        Failure   Level  Hunger
 Magic Dart               Conj           #...         85%         1    ##.....
 Blink                    Tloc           N/A          94%         2    ###....
 Call Imp                 Summ           #.......     94%         2    ###....
 Slow                     Hex            #.......     94%         2    ###....
 Conjure Flame            Conj/Fire      #.......     99%         3    ####...
 Mephitic Cloud           Conj/Pois/Air  #.......     99%         3    ####...


Dungeon Overview and Level Annotations

Branches:
Dungeon (4/15)
 Temple: D:4-7

Altars:
Elyvilon
Gozag
Nemelex Xobeh
The Shining One


Innate Abilities, Weirdness & Mutations

You cannot wear most types of armour.
You are very stealthy in the water. (Stealth+)
You are amphibious.
You can wear up to eight rings at the same time.
You can use your tentacles to constrict eight enemies at once.
Your skin changes colour to match your surroundings (Stealth+).
Your rubbery body absorbs attacks. (AC +1, EV +1)


Message History

The gnoll shaman is healed somewhat.
You block the gnoll's attack.
The gnoll shaman hits you with a +0 whip.
You sock the gnoll shaman!
You kill the gnoll shaman!
You have reached level 6!
Your experience leads to an increase in your attributes!
Increase (S)trength, (I)ntelligence, or (D)exterity?
You feel agile. You block the gnoll's attack. The gnoll completely misses you.
You block the gnoll's attack. The gnoll hits you with a +0 spear!
* * * LOW HITPOINT WARNING * * *
Items here: )) [ † a +0 whip; a +0 robe; a +0 spear; a gnoll corpse You sock the gnoll!
You kill the gnoll!
You block the gnoll's attack.
The gnoll hits you with a cursed +0 club.
* * * LOW HITPOINT WARNING * * *
The gnoll hits you from afar with a +0 spear!
You die...

#...# #...# ..#
... ...#####...
......##.#
#.#...##.#
#######.#(..##.#
#...........##)#
#...........##@#
............##g###
###..#.#....g...#
# #.#......#.#
#.#...#..#.#
#.####......
#..###.#.....#
##.....#.....# ##
#...####.....#


You could see 2 gnolls.

Vanquished Creatures
  A gnoll shaman (D:4)
  Terence (D:2)
  Robin (D:2)
  6 gnolls
  3 adders
  An ooze (D:2)
  5 dart slugs
  An orc (D:3)
  2 ball pythons (D:3)
  3 giant cockroaches
  19 goblins
  12 hobgoblins
  9 jackals (D:2)
  7 kobolds
  A quokka (D:3)
  7 bats
  3 frilled lizards
  10 rats
92 creatures vanquished.

Notes
Turn   | Place    | Note
-------+----------+-------------------------------------------
     0 | D:1      | Ijustatesigmund the Octopode Fighter began the quest for
                  | the Orb.
     0 | D:1      | Reached XP level 1. HP: 16/16 MP: 1/1
   137 | D:1      | Reached XP level 2. HP: 19/21 MP: 2/2
   761 | D:2      | Reached XP level 3. HP: 26/26 MP: 3/3
  1387 | D:2      | Reached XP level 4. HP: 32/32 MP: 4/4
  1465 | D:2      | Noticed Robin
  1497 | D:2      | Killed Robin
  1934 | D:2      | Noticed Terence
  1942 | D:2      | Killed Terence
  1942 | D:2      | Reached XP level 5. HP: 19/37 MP: 5/5
  2677 | D:3      | Found a glowing golden altar of the Shining One.
  2844 | D:3      | Found an opulent altar of Gozag.
  2916 | D:3      | Found a white marble altar of Elyvilon.
  3425 | D:4      | Found a sparkling altar of Nemelex Xobeh.
  3491 | D:4      | Reached XP level 6. HP: 23/44 MP: 6/6
  3493 | D:4      | Slain by a gnoll

Levels and vault maps discovered:
D:1:      wheals_arrival_linesprint, layout_basic
D:2:      layout_basic, uniq_terence, uniq_robin
D:3:      layout_loops_corners, lemuel_doored_altar, old_standard_altar,
          nicolae_gozag_cash_rules_everything_around_me
D:4:      kennysheep_goblin_castle, layout_rooms,
          nicolae_overflow_crystal_walls,
          chequers_temple_overflow_statue_of_worship, uniq_natasha, uniq_duvessa

Skill      XL: |  1  2  3  4  5 |
---------------+----------------+-----
Maces & Flails | 3 4 |  4.9
Fighting       | 4 |  4.4
Dodging        | |  3.3
Shields        | |  3.3

Action                   |  1- 3 |  4- 6 || total
-------------------------+-------+-------++-------
Melee: Flail             |    76 |       ||    76
       Constrict         |    20 |    30 ||    50
       Tentacles         |    12 |    20 ||    32
       Morningstar       |     3 |    80 ||    83
  Use: Scroll            |     6 |     5 ||    11
       Potion            |       |     3 ||     3
 Stab: Sleeping          |     7 |     6 ||    13
  Eat: Chunk             |     2 |     5 ||     7
Armor: Skin              |    10 |     3 ||    13
Dodge: Dodged            |    28 |    28 ||    56
Block: Shield            |    41 |    51 ||    92

Table legend:
 A = Non-vault XP
 B = Vault XP
 C = Vault XP percentage of total XP
 D = Non-vault monster count
 E = Vault monster count
 F = Vault count percentage of total count
                 A         B        C        D         E       F
            +---------+---------+-------+---------+---------+-------
      Total |     298 |      73 |  19.7 |      78 |      14 |  15.2
            +---------+---------+-------+---------+---------+-------
        D:1 |      30 |       0 |   0.0 |      22 |       0 |   0.0
        D:2 |      71 |      73 |  50.7 |      28 |      14 |  33.3
        D:3 |     109 |       0 |   0.0 |      23 |       0 |   0.0
        D:4 |      88 |       0 |   0.0 |       5 |       0 |   0.0
            +---------+---------+-------+---------+---------+-------
